 Dungeon Crawl Stone Soup version 0.32-a0-519-g08f29ac1c3 (webtiles) character file.

Game seed: 2334347078806985177

50 seren the Charlatan (level 3, -1/27 HPs)
             Began as a Coglin Artificer on Feb 27, 2024.
             Slain by Robin
             ... wielding a +0 whip
              (3 damage)
             ... on level 2 of the Dungeon.
             The game lasted 00:03:17 (1611 turns).

seren the Charlatan (Coglin Artificer)              Turns: 1611, Time: 00:03:17

Health: -1/27      AC:  3    Str: 12    XL:     3   Next: 79%
Magic:  3/3        EV: 11    Int: 10    God:
Gold:   137        SH:  0    Dex: 16    Spells: 2/2 levels left

rFire   . . .        n - +0 dagger {Zimri-Dagan}
rCold   . . .        g - +0 dagger {Rubén}
rNeg    . . .        b - +0 leather armour
rPois   .            (no helmet)
rElec   .            (no cloak)
rCorr   .            (no gloves)
SInv    .            (no boots)
Will    .....        (no amulet)
Stlth   ++           (ring unavailable)
HPRegen 0.24/turn    (ring unavailable)
MPRegen 0.08/turn

%: no passive effects
@: revved
A: off-hand wielding, slow wielding, warmup strikes, no rings
a: no special abilities


You were on level 2 of the Dungeon.
You visited 1 branch of the dungeon, and saw 3 of its levels.

You collected 137 gold pieces.

Inventory:

Hand Weapons
 g - a +0 dagger (offhand) {Rubén}
 n - a +0 dagger (weapon) {Zimri-Dagan}
Missiles
 l - 3 poisoned darts
Armour
 b - a +0 leather armour (worn)
Wands
 c - a wand of flame (15) (quivered)
 d - a wand of charming (15)
 e - a wand of iceblast (5)
Scrolls
 a - a scroll of blinking {unknown}
 k - 3 scrolls of revelation {unknown}
 m - 2 scrolls of fear {unknown}
 o - a scroll of noise {unknown}
 p - a scroll of identify {unknown}
Potions
 f - a potion of haste {unknown}
 h - 2 potions of might {unknown}
 i - 2 potions of brilliance {unknown}
 j - a potion of heal wounds {unknown}
 q - a potion of curing {unknown}


   Skills:
 + Level 1.7 Fighting
 * Level 1.1 Short Blades
 + Level 2.1 Armour
 + Level 1.3 Dodging
 + Level 1.3 Stealth
 + Level 4.3 Evocations


You had 2 spell levels left.
You didn't know any spells.
Your spell library contained the following spells:

 Spells                   Type           Power      Damage    Failure   Level
 Sting                    Conj/Alch      0%         1d3       43%         1
 Mercury Vapours          Alch/Air       0%         N/A       58%         2
 Static Discharge         Conj/Air       0%         3-3/arc   58%         2
 Gell's Gravitas          Tloc           0%         N/A       82%         3
 Teleport Other           Tloc           0%         N/A       82%         3
 Airstrike                Air            0%         2d(0-16)  99%         4
 Olgreb's Toxic Radiance  Alch           0%         N/A       99%         4
 Summon Lightning Spire   Summ/Air       0%         N/A       99%         4
 Conjure Ball Lightning   Conj/Air       0%         3x3d6     100%        6
 Dispersal                Tloc           0%         N/A       100%        6
 Discord                  Hex            0%         N/A       100%        8
 Disjunction              Tloc           0%         N/A       100%        8


Dungeon Overview and Level Annotations

Branches:
Dungeon (3/15)

Altars:

Shops:
D:1 *

Annotations:
D:2 Robin


Innate Abilities, Weirdness & Mutations

You can wield a second weapon in your off-hand.
It takes a long time for you to wield or remove held weapons.
Your first few attacks do less damage.
Your grasper-arms cannot wear rings.


Message History

There is a stone staircase leading down here.
You barely miss the hobgoblin with your +0 dagger.
The hobgoblin is lightly wounded.
You barely miss the hobgoblin with your +0 dagger.
The hobgoblin hits you but does no damage.
Robin closely misses you.
You barely miss the hobgoblin with your +0 dagger.
The hobgoblin is lightly wounded.
You closely miss the hobgoblin with your +0 dagger.
The hobgoblin hits you. Robin hits you with a +0 whip.
The hobgoblin attacks as it pursues you!
The hobgoblin hits you.
* * * LOW HITPOINT WARNING * * *
Robin roars a battlecry!
The hobgoblin goes into a battle-frenzy!
The hobgoblin attacks as it pursues you!
The hobgoblin hits you.
* * * LOW HITPOINT WARNING * * *
The hobgoblin attacks as it pursues you!
The hobgoblin barely misses you.
You hit the hobgoblin but do no damage.
The hobgoblin is lightly wounded.
You hit the hobgoblin with your +0 dagger.
The hobgoblin hits you.
* * * LOW HITPOINT WARNING * * *
You hit the hobgoblin with your +0 dagger.
You kill the hobgoblin!
You hit Robin with your +0 dagger.
Robin is lightly wounded.
You hit Robin but do no damage. Robin hits you with a +0 whip.
* * * LOW HITPOINT WARNING * * *
You hit Robin with your +0 dagger.
Robin is lightly wounded.
You hit Robin with your +0 dagger. Robin hits you with a +0 whip.
* * * LOW HITPOINT WARNING * * *
You hit Robin but do no damage.
Robin is moderately wounded.
You hit Robin but do no damage. Robin hits you with a +0 whip.
You die...
Robin calls out, "Let's celebrate!
Time for a feast!"

#####......>.....##.#..≈≈≈≈≈#.###
......######.#.....###.######.#≈≈
####### #....###.#.........#≈≈ #
#.........#.######.#≈≈ #
##########...#####.#.≈≈≈≈≈#.### #
#..................)..≈≈≈≈#...#
###.#########.##.###.##.≈≈≈≈#.##.
....# #.##.# #.##..≈≈≈##### ##..#
#.##@# #.##...≈≈≈≈≈≈# ##..#
#.##g# #.####...≈≈≈≈≈ ....#
#.##.###............÷ ##.##
#..)>^##.#####....... #.#
####.)##.##########.# #.#
#..##............# #.#
#..#####.####.#### #.# #..# #.#
#.# #.# #..# #.# #.#


You could see Robin.

Vanquished Creatures
  An endoplasm (D:1)
  3 giant cockroaches
  14 goblins
  7 hobgoblins
  2 jackals (D:2)
  3 quokkas
  3 bats
  3 frilled lizards
  4 kobolds
  3 rats
43 creatures vanquished.

Notes
Turn   | Place    | Note
-------+----------+-------------------------------------------
     0 | D:1      | seren the Coglin Artificer began the quest for the Orb.
     0 | D:1      | Reached XP level 1. HP: 15/15 MP: 1/1
    11 | D:1      | Found Feiv Mugge's General Store.
   145 | D:1      | Reached skill level 1 in Dodging
   194 | D:1      | Found a faded altar of an unknown god.
   201 | D:1      | Reached skill level 1 in Stealth
   295 | D:1      | Reached XP level 2. HP: 21/21 MP: 2/2
   660 | D:2      | Reached XP level 3. HP: 7/26 MP: 3/3
  1201 | D:2      | Reached skill level 1 in Short Blades
  1549 | D:3      | Noticed Robin
  1610 | D:2      | HP: 1/27 [Robin/+0 whip (5)]
  1611 | D:2      | Slain by Robin

Illustrated notes

Levels and vault maps discovered:
D:1:      dpeg_arrival_fog, layout_rooms,
          hellmonk_ecumenical_altar_slurped_away, serial_shops, shop,
          minmay_small_reverse_x
D:2:      layout_loops_ring, grunt_decor_junction
D:3:      layout_loops_ring, serial_shops, nicolae_shop_hallway_stairs,
          nicolae_shop_tiny_waterfront, uniq_robin, uniq_natasha

Skill      XL: |  1  2  3 |
---------------+----------+-----
Dodging        | 1 |  1.3
Stealth        | 1 |  1.3
Armour         | 2 |  2.1
Short Blades   | 1 |  1.1
Fighting       | |  1.7
Evocations     | |  4.3

Action                     || total
---------------------------++-------
  Melee: Club              ||   110
         Dagger            ||   179
   Stab: Sleeping          ||     2
 Armour: Leather armour    ||   115
  Dodge: Dodged            ||   119

Table legend: (Time is in decaauts)
 A = Elapsed time spent in this place.
 B = Non-inter-level travel time spent in this place.
 C = Inter-level travel time spent in this place.
 D = Time resting spent in this place.
 E = Time spent auto-exploring this place.
 F = Levels seen in this place.
 G = Mean time per level.
                   A        B        C        D        E       F      G
               +--------+--------+--------+--------+--------+-----+--------+
         Total |   1635 |   1576 |     59 |    139 |    962 |   3 |  545.0 |
       Dungeon |   1635 |   1576 |     59 |    139 |    962 |   3 |  545.0 |
               +--------+--------+--------+--------+--------+-----+--------+

Top non-repeatable levels by time:
     D:2: 798 daAuts
     D:1: 786 daAuts
     D:3: 51 daAuts
